 Dungeon Crawl Stone Soup version 0.32-a0-120-gfac0567ad4 (webtiles) character file.

Game seed: 17194604441609704454

459 Daunt the Cleaver (level 6, -4/52 HPs)
             Began as a Minotaur Chaos Knight on Feb 6, 2024.
             Was a Plaything of Xom.
             Slain by an iguana (8 damage)
             ... on level 4 of the Dungeon.
             The game lasted 00:05:13 (2695 turns).

Daunt the Cleaver (Minotaur Chaos Knight)           Turns: 2695, Time: 00:05:14

Health: -4/52      AC: 11    Str: 18    XL:     6   Next: 78%
Magic:  5/5        EV: 13    Int:  9    God:    Xom [....*.]
Gold:   183        SH:  0    Dex: 10    Spells: 5/5 levels left

rFire   + . .        a - +0 hand axe (chaos)
rCold   . . .        (no shield)
rNeg    + . .        g - +3 chain mail "Gatteowu" {rF+ rN+}
rPois   .            (helmet restricted)
rElec   .            (no cloak)
rCorr   .            (no gloves)
SInv    .            (no boots)
Will    +....        (no amulet) Stlth
                     h - +5 ring of evasion
HPRegen 0.28/turn    p - ring of willpower
MPRegen 0.09/turn

%: no passive effects
@: no status effects
A: horns 2, retaliatory headbutt
a: Renounce Religion


You were on level 4 of the Dungeon.
You worshipped Xom.
You were a beloved toy of Xom.
You visited 1 branch of the dungeon, and saw 5 of its levels.

You collected 183 gold pieces.

Inventory:

Hand Weapons
 a - a +0 hand axe of chaos (weapon)
Missiles
 d - 12 stones (quivered)
Armour
 g - the +3 chain mail "Gatteowu" (worn) {rF+ rN+}
   (You found it on level 2 of the Dungeon)

   rF+:       It protects you from fire.
   rN+:       It protects you from negative energy.
Jewellery
 h - a +5 ring of evasion (left hand)
 k - an amulet of faith
 p - a ring of willpower (right hand)
Wands
 i - a wand of paralysis (2)
Scrolls
 c - a scroll of butterflies
 m - 3 scrolls of identify {unknown}
 n - a scroll of blinking {unknown}
Potions
 b - 2 potions of attraction {unknown}
 e - a potion of enlightenment {unknown}
 f - a potion of degeneration {unknown}
 j - a potion of might {unknown}
 l - a potion of heal wounds {unknown}
 o - a potion of haste {unknown}
 q - a potion of cancellation {unknown}
 r - a potion of curing {unknown}


   Skills:
 + Level 3.8 Fighting
 * Level 9.2 Axes
 - Level 2.4 Armour
 - Level 1.1 Dodging


You had 5 spell levels left.
You didn't know any spells.
Your spell library contained the following spells:

 Spells                   Type           Power      Damage    Failure   Level
 Apportation              Tloc           0%         N/A       99%         1
 Freeze                   Ice            0%         1d3       99%         1
 Frozen Ramparts          Ice            0%         1d1       100%        3
 Hailstorm                Conj/Ice       0%         3d5       100%        3


Dungeon Overview and Level Annotations

Branches:
Dungeon (5/15) Zot: 26593  Temple (0/1) D:4

Altars:
Elyvilon
Fedhas
Xom
Yredelemnul

Annotations:
D:3 1 runed translucent door, zenocrate's ghost, amateur KoDe


Innate Abilities, Weirdness & Mutations

You have a pair of horns on your head.
You reflexively headbutt those who attack you in melee.


Message History

The adder bites you but does no damage.
There is a stone staircase leading up here.
Unknown command.
The adder closely misses you. You furiously retaliate!
You headbutt the adder!
You kill the adder!
The iguana bites you but does no damage.
The ogre hits you with a +0 giant spiked club!!
Ouch! That really hurt!
You climb upwards.
There is a stone staircase leading down here.
Unknown command.
Unknown command.
You hit the ogre but do no damage.
The ogre seems to grow stronger.
You closely miss the iguana. The iguana barely misses you.
You furiously retaliate!
You headbutt the iguana. You hit the ogre but do no damage.
The ogre seems to slow down.
You barely miss the iguana.
The ogre is no longer moving slowly.
The iguana closely misses you.
You hit the ogre. You burn the ogre.
The ogre is lightly wounded.
You hit the iguana but do no damage.
The iguana is poisoned.
The ogre completely misses you.
Aiming: Paralyse
Press: ? - help, Shift-Dir - straight line, f - ogre
Aim: an ogre, wielding a +0 giant spiked club (lightly wounded, strong, chance to affect: 49%)
The ogre resists with some effort.
The iguana barely misses you.
The ogre hits you with a +0 giant spiked club!!
Ouch! That really hurt!
You die...
Xom is feeling generous.
Xom revives you!
Unknown command.
Unknown command.
Unknown command.
Unknown command.
Aiming: Paralyse
Press: ? - help, Shift-Dir - straight line, f/p - ogre
Aim: an ogre, wielding a +0 giant spiked club (lightly wounded, strong, chance to affect: 49%)
The ogre resists with some effort.
The iguana bites you!
You die...
Xom cackles wildly!

#.....# #......)# #.#
####'####.......#####.#
###.....###.#.#........#
#.#.....# #.#.#..####..#
#.#^....###.#..........#
#.'..>..'.#.###..#[##÷## #####
##.#.....#.............######....
#..#.....##.)..l...)..[.......###
#..#.....##.....@...##÷.##.......
...###+####.....O...##..##.##<#..
..##.#..# #.......####.....##.#..
........# ##......####...####....
####.#### ##...#....÷...####.#.#
####.#### #...#######.......##.
#.†.....# #...# ###.########
.....##.# #...# #.)....# ##
...#...>#####...######.#.##.# #.


You could see an ogre (strong) and an iguana (very poisoned).

Vanquished Creatures
  A black bear (D:4)
  A phantom (D:4)
  A crimson imp (D:3)
  A hound (D:4)
  2 iguanas (D:4)
  Jessica (D:2)
  An orc wizard (D:4)
  Robin (D:2)
  5 adders
  A dart slug (D:3)
  2 ribbon worms
  3 orcs (D:4)
  An endoplasm (D:3)
  2 giant cockroaches
  10 goblins
  7 hobgoblins
  4 quokkas
  10 ball pythons
  A bat (D:1)
  2 frilled lizards
  3 kobolds
  3 rats
63 creatures vanquished.

Notes
Turn   | Place    | Note
-------+----------+-------------------------------------------
     0 | D:1      | Daunt the Minotaur Chaos Knight began the quest for the
                  | Orb.
     0 | D:1      | Reached XP level 1. HP: 19/19 MP: 0/0
    25 | D:1      | XOM: silly message
    94 | D:1      | XOM: silly message
   268 | D:1      | Reached skill level 4 in Axes
   313 | D:1      | XOM: divination: detect creatures
   336 | D:1      | XOM: potion effect (invisibility)
   408 | D:1      | Reached XP level 2. HP: 26/26 MP: 1/1
   536 | D:2      | Noticed Robin
   539 | D:2      | XOM: silly message
   569 | D:1      | Reached skill level 5 in Axes
   651 | D:1      | Reached XP level 3. HP: 25/31 MP: 2/2
   678 | D:2      | Killed Robin
   691 | D:2      | Identified the +3 chain mail "Gatteowu" {rF+ rN+}
   691 | D:2      | XOM: silly message
   745 | D:2      | Noticed Jessica
   748 | D:2      | Killed Jessica
  1099 | D:3      | Reached XP level 4. HP: 39/39 MP: 3/3
  1103 | D:3      | Found a faded altar of an unknown god.
  1112 | D:3      | Got Plato's Volume of Direction
  1117 | D:3      | XOM: noise
  1123 | D:3      | Reached skill level 6 in Axes
  1350 | D:3      | XOM: noise
  1495 | D:3      | Noticed Grinder
  1501 | D:3      | Grinder changed into Grinder the crimson imp
  1501 | D:3      | Noticed Grinder
  1501 | D:3      | XOM: polymorph Grinder -> Grinder the crimson imp
  1504 | D:3      | Killed Grinder the crimson imp
  1617 | D:3      | Found a basalt altar of Yredelemnul.
  1679 | D:3      | Found a white marble altar of Elyvilon.
  1847 | D:3      | Found a runed translucent door.
  1849 | D:3      | Noticed zenocrate's ghost (amateur KoDe)
  2089 | D:4      | Reached XP level 5. HP: 45/45 MP: 4/4
  2101 | D:4      | Reached skill level 7 in Axes
  2162 | D:4      | Noticed a black bear
  2177 | D:4      | XOM: divination: magic mapping
  2179 | D:4      | Killed a black bear
  2180 | D:4      | Reached skill level 8 in Axes
  2180 | D:4      | Reached XP level 6. HP: 38/51 MP: 5/5
  2261 | D:4      | Found a staircase to the Ecumenical Temple.
  2287 | D:5      | Entered Level 5 of the Dungeon
  2341 | D:4      | Reached skill level 9 in Axes
  2370 | D:4      | XOM: summons 1 hostile demon
  2644 | D:4      | Found a blossoming altar of Fedhas.
  2649 | D:4      | Found a shimmering altar of Xom.
  2694 | D:4      | Xom revived you
  2695 | D:4      | Slain by an iguana

Illustrated notes

Levels and vault maps discovered:
D:1:      reono_arrival_mine, layout_basic
D:2:      layout_rooms, uniq_robin, uniq_jessica
D:3:      layout_basic, marbit_many_paths, nicolae_elyvilon_peaceful_grove,
          gammafunk_ghost_grave, shapermc_ecumenical_altar_rom_forum,
          minmay_misc_feat_encased, minmay_misc_feat_ornament, uniq_grinder
D:4:      layout_loops_cross, mainiacjoe_overflow_big_doors, temple_green
D:5:      layout_cave_pools

Skill      XL: |  1  2  3  4  5  6 |
---------------+-------------------+-----
Axes           | 4 5 6 8 9 |  9.2
Fighting       | |  3.8
Armour         | |  2.4
Dodging        | |  1.1

Action                     |  1- 3 |  4- 6 || total
---------------------------+-------+-------++-------
  Melee: Hand axe          |    51 |    98 ||   149
         Headbutt          |     4 |    23 ||    27
         Punch             |       |     3 ||     3
  Evoke: Wand              |       |     2 ||     2
   Stab: Petrifying        |       |     2 ||     2
         Petrified         |       |     1 ||     1
         Paralysed         |       |     1 ||     1
 Armour: Leather armour    |    37 |       ||    37
         Chain mail        |     4 |    67 ||    71
  Dodge: Dodged            |    29 |    64 ||    93

Table legend: (Time is in decaauts)
 A = Elapsed time spent in this place.
 B = Non-inter-level travel time spent in this place.
 C = Inter-level travel time spent in this place.
 D = Time resting spent in this place.
 E = Time spent auto-exploring this place.
 F = Levels seen in this place.
 G = Mean time per level.
                   A        B        C        D        E       F      G
               +--------+--------+--------+--------+--------+-----+--------+
         Total |   2695 |   2596 |     99 |    183 |   1933 |   5 |  539.0 |
       Dungeon |   2695 |   2596 |     99 |    183 |   1933 |   5 |  539.0 |
               +--------+--------+--------+--------+--------+-----+--------+

Top non-repeatable levels by time:
     D:3: 952 daAuts
     D:4: 635 daAuts
     D:1: 558 daAuts
     D:2: 544 daAuts
     D:5: 4 daAuts
